 Dungeon Crawl Stone Soup version 0.20-a0-33-g996f6e0 (webtiles) character file.

468 sveltemanboy the Poker (level 6, 0/44 HPs)
             Began as a Demonspawn Gladiator on Nov 9, 2016.
             Was an Initiate of Okawaru.
             Succumbed to a worker ant's poison
             ... on level 4 of the Dungeon.
             The game lasted 00:07:34 (4078 turns).

sveltemanboy the Poker (Demonspawn Gladiator)       Turns: 4078, Time: 00:07:35

Health: 0/44       AC:  9    Str: 17    XL:     6   Next: 81%
Magic:  7/7        EV: 10    Int: 10    God:    Okawaru [......]
Gold:   263        SH:  0    Dex: 13    Spells: 0 memorised, 5 levels left

rFire  . . .     SeeInvis .       - Unarmed
rCold  + . .     Gourm    .     g - +0 scale mail
rNeg   . . .     Faith    .     (no shield)
rPois  .         Spirit   .     c - +0 helmet
rElec  .         Reflect  .     b - +0 cloak
rCorr  .         Harm     .     z - +0 pair of gloves
MR     +....                    (no boots)
Stlth  ..........               (no amulet)
                                (no ring)
                                e - ring of protection from magic

@: lethally poisoned (0 -> -8)
A: claws 1, cold resistance 1, powered by pain 2
a: Renounce Religion


You were on level 4 of the Dungeon.
You worshipped Okawaru.
Okawaru was noncommittal.
You were near starving.

You visited 1 branch of the dungeon, and saw 4 of its levels.

You collected 263 gold pieces.

Inventory:

Missiles
 w - 2 throwing nets (quivered)
Armour
 b - a +0 cloak (worn)
 c - a +0 helmet (worn)
 g - a +0 scale mail (worn)
 y - a +2 shield
 z - a +0 pair of gloves (worn)
Jewellery
 e - a ring of protection from magic (left hand)
 k - an uncursed ring of ice
 l - an uncursed ring of ice
Scrolls
 d - a scroll of enchant weapon
 h - a scroll of amnesia
 j - 4 scrolls of remove curse
 m - 2 scrolls of identify
 o - 2 scrolls of blinking
 q - a scroll of fog
 x - 2 scrolls of fear
Potions
 i - 3 potions of curing {unknown}
 p - 2 potions of heal wounds {unknown}
 r - a potion of might {unknown}
 s - a potion of haste {unknown}
 t - a potion of berserk rage
 u - a potion of resistance {unknown}
 v - a potion of ambrosia {unknown}
Comestibles
 f - 3 bread rations
 n - 2 meat rations
 B - a beef jerky


   Skills:
 - Level 2.0 Fighting
   Level 5.5 Polearms
 - Level 1.7 Throwing
 - Level 2.4 Armour
 - Level 2.6 Dodging
 + Level 1.3 Shields
 * Level 2.2 Unarmed Combat
 + Level 1.8 Invocations


You had 5 spell levels left.
You didn't know any spells.

Dungeon Overview and Level Annotations

Branches:
Dungeon (4/15)             Temple (0/1) D:4

Altars:
Okawaru


Innate Abilities, Weirdness & Mutations

You have sharp fingernails.
Your flesh is cold resistant. (rC+)
You sometimes gain power by taking damage.


Message History

The worker ant bites you but does no damage.
You hit the worker ant.
You kill the worker ant!
Okawaru accepts your kill.
* * * LOW HITPOINT WARNING * * *
You feel sick.
* * * LOW HITPOINT WARNING * * *
You feel sick.
You see here a worker ant corpse.
* * * LOW HITPOINT WARNING * * *
You feel sick.
* * * LOW HITPOINT WARNING * * *
You feel sick.
* * * LOW HITPOINT WARNING * * *
You feel sick.
* * * LOW HITPOINT WARNING * * *
You feel sick.
* * * LOW HITPOINT WARNING * * *
You feel sick.
You die...

***************************
≈≈≈≈≈≈≈≈≈≈≈≈≈≈≈≈≈≈≈≈≈≈≈≈≈≈*******
≈≈≈≈≈≈≈≈≈≈≈≈≈≈≈≈≈≈≈≈≈≈≈≈≈≈≈≈≈≈≈≈≈
≈≈≈≈≈≈≈≈≈≈≈≈≈≈≈≈≈≈≈≈≈≈≈≈≈≈≈#####≈
#################***########...#≈
..#......(#.....## ##......#...#≈
..#......)'......###.......#...#≈
..#########.†...@.#...(....##)##≈
(..#.....().......#.((.......)#≈≈
(..'.....((.......'...(....[..#≈≈
(..#.....)........#.........).#≈≈
(.#########.......#........##)##≈
(.#....(..(..(..(###.......#?..#≈
(.#....().#.....## ##......#...#≈
(###########################...#≈
...≈≈≈≈≈≈≈≈≈≈≈≈≈≈≈≈≈≈≈≈≈≈≈≈#####≈


There were no monsters in sight!

Vanquished Creatures
  A sky beast (D:3)
  A big kobold (D:4)
  An orc priest (D:3)
  A hound (D:4)
  Jessica (D:3)
  Natasha (D:2)
  2 worker ants (D:4)
  4 adders
  A shadow imp (D:4)
  An ooze (D:3)
  2 worms
  2 dart slugs (D:1)
  A leopard gecko (D:3)
  5 orcs
  A giant cockroach (D:2)
  8 goblins
  6 hobgoblins
  3 jackals (D:2)
  38 kobolds
  A quokka (D:3)
  3 ball pythons
  2 bats
  6 frilled lizards
  8 rats
100 creatures vanquished.

Notes
Turn   | Place    | Note
-------+----------+-------------------------------------------
     0 | D:1      | sveltemanboy the Demonspawn Gladiator began the quest for the Orb.
     0 | D:1      | Reached XP level 1. HP: 16/16 MP: 1/1
   118 | D:1      | Reached skill level 3 in Polearms
   241 | D:1      | Gained mutation: You sometimes gain a little power by taking damage. [demonic ancestry]
   241 | D:1      | Reached XP level 2. HP: 22/22 MP: 2/2
   966 | D:2      | Gained mutation: You sometimes gain power by taking damage. [demonic ancestry]
   966 | D:2      | Reached XP level 3. HP: 19/27 MP: 3/3
  1095 | D:2      | Reached skill level 1 in Armour
  1204 | D:2      | Noticed Natasha
  1259 | D:2      | Reached skill level 4 in Polearms
  1369 | D:2      | Killed Natasha
  1369 | D:2      | Gained mutation: Your flesh is cold resistant. (rC+) [demonic ancestry]
  1369 | D:2      | Reached XP level 4. HP: 17/33 MP: 4/4
  1793 | D:3      | Noticed a sky beast
  1814 | D:3      | Killed a sky beast
  1814 | D:3      | Reached skill level 5 in Polearms
  1814 | D:3      | Reached XP level 5. HP: 3/38 MP: 5/5
  2125 | D:3      | Noticed Jessica
  2135 | D:3      | Killed Jessica
  2482 | D:3      | Found an iron altar of Okawaru.
  2490 | D:3      | Became a worshipper of Warmaster Okawaru
  2988 | D:3      | Gained mutation: You have sharp fingernails. [demonic ancestry]
  2988 | D:3      | Reached XP level 6. HP: 44/44 MP: 6/6
  3273 | D:4      | Reached skill level 1 in Unarmed Combat
  3420 | D:4      | Found a staircase to the Ecumenical Temple.
  3542 | D:4      | Reached skill level 1 in Invocations
  3777 | D:4      | Reached skill level 1 in Shields
  4076 | D:4      | HP: 2/44 [poisoned by a worker ant]
  4078 | D:4      | Succumbed to a worker ant's poison

Vault maps used:
D:1:      lemuel_arrival_river_ford, minmay_tree_intersection,
          serial_park_tiny_pond
D:2:      first_bread, uniq_natasha
D:3:      okawaru_trees_1, uniq_jessica
D:4:      minmay_goblin_kobold_castle

Skill      XL: |  1  2  3  4  5  6 |
---------------+-------------------+-----
Polearms       | 3 4 5 |  5.5
Armour         | 1 2 |  2.4
Unarmed Combat | 2 |  2.2
Invocations    | 1 |  1.8
Shields        | 1 |  1.3
Fighting       | |  2.0
Throwing       | |  1.7
Dodging        | |  2.6

Action                   |  1- 3 |  4- 6 || total
-------------------------+-------+-------++-------
Melee: Trident           |   101 |   201 ||   302
       Unarmed           |       |   121 ||   121
       Punch             |       |     1 ||     1
Throw: Throwing net      |     4 |     1 ||     5
  Use: Scroll            |     8 |     3 ||    11
  Eat: Chunk             |     2 |     7 ||     9
Armor: Leather armour    |     4 |       ||     4
       Ring mail         |    15 |       ||    15
       Scale mail        |     1 |   149 ||   150
Dodge: Dodged            |    39 |   182 ||   221
